 Dungeon Crawl Stone Soup version 0.25-a0-603-g0321be95db (webtiles) character file.

Game seed: 9336666454830167063, levelgen mode: deterministic

12511 Laukis the Basher (level 11, -17/78 HPs)
             Began as a Gargoyle Fighter on Mar 16, 2020.
             Was a High Priest of Okawaru.
             Killed from afar by a frost giant (27 damage)
             ... with a bolt of cold
             ... in an ice cave.
             The game lasted 00:28:01 (10612 turns).

Laukis the Basher (Gargoyle Fighter)               Turns: 10612, Time: 00:28:02

Health: -17/78     AC: 18    Str: 22    XL:     11   Next: 94%
Magic:  11/11      EV:  8    Int: 10    God:    Okawaru [*****.]
Gold:   673        SH: 12    Dex: 13    Spells: 10/10 levels left

rFire    + . .     SeeInvis .   b - +0 morningstar (protect)
rCold    + . .     Gourm    .   c - +1 kite shield
rNeg     + . .     Faith    .   B - +2 ring mail {rC+}
rPois    ∞         Spirit   .   G - +0 helmet
rElec    +         Reflect  +   j - scarf {repulsion}
rCorr    .         Harm     .   u - +0 pair of gloves
MR       .....                  (no boots)
Stlth    +.........             H - +2 amulet of reflection
HPRegen  0.23/turn              y - +4 ring of dexterity
MPRegen  0.12/turn              x - ring of protection from fire

@: repel missiles
A: negative energy resistance 1, electricity resistance, unbreathing,
petrification resistance, rot immunity, AC +8
a: Heroism, Finesse, Renounce Religion


You were in an ice cave.
You worshipped Okawaru.
Okawaru was extremely pleased with you.
You were not hungry.

You visited 2 branches of the dungeon, and saw 12 of its levels.
You also visited: Ice Cave.

You collected 740 gold pieces.
You spent 67 gold pieces at shops.

Inventory:

Hand Weapons
 b - a +0 morningstar of protection (weapon)
 d - the +12 rapier "Jeagruri" {vorpal, rF+ MP-9 Int+3 Dex+4, unknown}
   (You found it in an ice cave)

   It inflicts extra damage upon your enemies.
   It affects your intelligence (+3).
   It affects your dexterity (+4).
   It protects you from fire.
   It affects your magic capacity (-9).
Missiles
 t - 19 poisoned darts (quivered)
 A - 4 atropa-tipped darts
Armour
 a - +0 swamp dragon scales
 c - a +1 kite shield (worn)
 j - a scarf of repulsion (worn)
 l - a +2 kite shield of cold resistance
 u - a +0 pair of gloves (worn)
 B - a +2 ring mail of cold resistance (worn)
 G - a +0 helmet (worn)
Jewellery
 x - a ring of protection from fire (right hand)
 y - a +4 ring of dexterity (left hand)
 H - a +2 amulet of reflection (around neck)
Wands
 g - a wand of clouds (12)
 q - a wand of acid (10)
Scrolls
 e - a scroll of identify
 i - a scroll of immolation
 k - 3 scrolls of fear
 m - 3 scrolls of magic mapping
 n - 3 scrolls of teleportation
 r - a scroll of summoning
 s - 2 scrolls of remove curse
 v - 2 scrolls of enchant armour
 D - a scroll of blinking
 E - a scroll of silence {unknown}
 F - a scroll of amnesia {unknown}
Potions
 h - 9 potions of curing
 o - 4 potions of flight
 p - a potion of cancellation
 w - 2 potions of haste
 z - 3 potions of mutation
 C - 2 potions of berserk rage
Comestibles
 f - 20 rations
 I - 3 chunks of flesh


   Skills:
 + Level 13.2 Fighting
 - Level 14.0 Maces & Flails
 - Level 3.2 Armour
 - Level 3.2 Shields


You had 10 spell levels left.
You didn't know any spells.
Your spell library contained the following spells:

 Spells                   Type           Power        Failure   Level  Hunger
 Infusion                 Chrm           #...         95%         1    ##.....
 Magic Dart               Conj           #...         95%         1    ##.....
 Blink                    Tloc           N/A          99%         2    ###....
 Call Imp                 Summ           #.......     99%         2    ###....
 Shroud of Golubria       Chrm/Tloc      #.....       99%         2    ###....
 Slow                     Hex            #.......     99%         2    ###....
 Song of Slaying          Chrm           #.......     99%         2    ###....
 Conjure Flame            Conj/Fire      #.......     100%        3    ####...
 Mephitic Cloud           Conj/Pois/Air  #.......     100%        3    ####...
 Ozocubu's Armour         Chrm/Ice       #.......     100%        3    ####...
 Spectral Weapon          Hex/Chrm       #.......     100%        3    ####...


Dungeon Overview and Level Annotations

Branches:
Dungeon (11/15)            Temple (1/1) D:7            Lair (0/6) D:9
  IceCv (1/1)
    Orc: D:9-12

Altars:
Ashenzari
Cheibriados
Dithmenos
Elyvilon
Fedhas
Gozag
Hepliaklqana
Kikubaaqudgha
Makhleb
Nemelex Xobeh
Okawaru
Qazlal
Ru
Sif Muna
Trog
Uskayaw
Vehumet
Wu Jian
Xom
Yredelemnul
Zin
The Shining One

Shops:
D:7 }   D:10 =(?*


Innate Abilities, Weirdness & Mutations

You are resistant to torment.
Your stone body is resilient. (AC +8)
You are immune to poison.
You resist negative energy. (rN+)
You are resistant to electric shocks. (rElec)
You can survive without breathing.
You are immune to petrification.
You are immune to rotting.


Message History

You see here a wolf skeleton.
The frost giant casts a spell at you.
The bolt of cold is repelled.
The frost giant is no longer covered in acid.
You feel better.
The frost giant points at you and mumbles some strange words.
The bolt of cold hits you! You resist.
* * * LOW HITPOINT WARNING * * *
Evoke which item? (* to show all) (? for menu, Esc to quit)
Aiming: Corrosive Bolt
Press: ? - help, Shift-Dir - straight line, f/p - frost giant
Aim: a frost giant, wielding a +2 battleaxe of freezing (almost dead, very poisoned)
The bolt of acid hits the frost giant.
The frost giant is splashed with acid!
The acid corrodes the frost giant!
The frost giant is almost dead.
Okawaru accepts your kill.
You feel a bit more experienced.
The frost giant gestures at you while chanting.
The bolt of cold hits you!! You resist.
You die...

#.h###.#.#.#...#
h... #.##[.#...#
..CY.
##..###..##
...h. #h###..##
..h. ##.##.##
.... #.##..#
##.##.##
##C##..##
##.####@.# #h##
##.# ##.#####.#
#.#.#.#C#
##÷.h...#
#.#.⌠..#
###...## ##.##
###


You could see a frost giant.

Vanquished Creatures
  A death yak (IceCv)
  An ice statue (IceCv)
  Maggie (D:8)
  A troll (D:11)
  6 polar bears (IceCv)
  A hippogriff (D:10)
  A wyvern (D:10)
  3 hogs (D:10)
  20 yaks
  A hungry ghost (D:7)
  A human (D:10)
  A water moccasin (D:11)
  Duvessa (D:6)
  9 ice beasts
  2 black bears (D:10)
  2 sky beasts
  6 ogres
  3 phantoms
  3 centaurs
  16 wolves (IceCv)
  4 bullfrogs
  2 big kobolds (D:10)
  Dowan (D:6)
  A water moccasin skeleton (D:4)
  2 howler monkeys
  8 wights
  2 bullfrog zombies
  2 crimson imps
  A centaur zombie (D:7)
  3 jellies
  3 hounds
  2 centaur skeletons
  4 orc priests
  8 orc wizards
  3 bullfrog skeletons
  4 iguanas
  3 worker ants
  A hound skeleton (D:5)
  2 worker ant zombies
  A howler monkey skeleton (D:8)
  14 adders
  3 gnolls (D:7)
  3 oozes
  2 adder zombies
  3 adder skeletons
  3 worms (D:3)
  2 dart slugs
  3 leopard geckos
  33 orcs
  5 giant cockroaches
  7 goblins
  7 hobgoblins
  4 jackals (D:3)
  9 kobolds
  A quokka (D:2)
  3 ball pythons
  6 bats
  5 frilled lizards
  A leopard gecko skeleton (D:7)
  A quokka skeleton (D:6)
  3 rats
255 creatures vanquished.

Vanquished Creatures (others)
  A wolf (IceCv)
  A centaur (D:10)
2 creatures vanquished.

Grand Total: 257 creatures vanquished

Notes
Turn   | Place    | Note
-------+----------+-------------------------------------------
     0 | D:1      | Laukis the Gargoyle Fighter began the quest for the Orb.
     0 | D:1      | Reached XP level 1. HP: 14/14 MP: 1/1
   126 | D:1      | Reached XP level 2. HP: 16/19 MP: 2/2
   476 | D:2      | Reached skill level 3 in Maces & Flails
   476 | D:2      | Reached XP level 3. HP: 17/24 MP: 3/3
  1308 | D:3      | Reached XP level 4. HP: 29/29 MP: 4/4
  1326 | D:3      | Found an ornate altar of the Wu Jian Council.
  1379 | D:3      | Reached skill level 4 in Maces & Flails
  1505 | D:3      | Reached XP level 5. HP: 27/34 MP: 5/5
  2106 | D:4      | Found a shimmering blue altar of Sif Muna.
  2154 | D:4      | Noticed a phantom
  2184 | D:4      | Killed a phantom
  2184 | D:4      | Reached skill level 5 in Fighting
  2184 | D:4      | Reached skill level 5 in Maces & Flails
  2184 | D:4      | Reached XP level 6. HP: 32/40 MP: 6/6
  2263 | D:4      | Noticed a phantom
  2281 | D:4      | Killed a phantom
  2474 | D:4      | Reached skill level 6 in Maces & Flails
  2474 | D:4      | Reached XP level 7. HP: 35/44 MP: 7/7
  3192 | D:4      | Found a bloodstained altar of Trog.
  3194 | D:4      | Found a sacrificial altar of Ru.
  3321 | D:5      | Entered Level 5 of the Dungeon
  3406 | D:5      | Reached skill level 7 in Maces & Flails
  3575 | D:5      | Reached XP level 8. HP: 52/52 MP: 8/8
  4325 | D:5      | Reached skill level 8 in Maces & Flails
  4936 | D:6      | Noticed Duvessa
  4936 | D:6      | Noticed Dowan
  4954 | D:6      | Killed Duvessa
  4965 | D:6      | Killed Dowan
  5044 | D:6      | Reached skill level 9 in Maces & Flails
  5397 | D:6      | Reached XP level 9. HP: 59/59 MP: 9/9
  5580 | D:7      | Found a staircase to the Ecumenical Temple.
  5608 | Temple   | Entered the Ecumenical Temple
  5928 | D:7      | Found Qybaumev's Gadget Shop.
  6210 | D:7      | Found an iron altar of Okawaru.
  6233 | D:7      | Became a worshipper of Warmaster Okawaru
  6272 | D:7      | Reached skill level 10 in Maces & Flails
  6712 | D:8      | Noticed Maggie
  6732 | D:8      | Killed Maggie
  6732 | D:8      | Reached * piety under Okawaru
  6994 | D:8      | Found a blossoming altar of Fedhas.
  7077 | D:8      | Reached skill level 11 in Maces & Flails
  7232 | D:9      | Found a staircase to the Lair.
  7300 | D:9      | Reached ** piety under Okawaru
  7300 | D:9      | Reached XP level 10. HP: 29/66 MP: 10/10
  7807 | D:10     | Entered Level 10 of the Dungeon
  7807 | D:10     | Found Zerphiwu's Assorted Antiques.
  7931 | D:10     | Found Mehanyhi's Magic Scroll Shoppe.
  8035 | D:10     | Reached skill level 12 in Maces & Flails
  8156 | D:10     | Reached skill level 10 in Fighting
  8197 | D:10     | Found Nuoloim's Jewellery Shop.
  8204 | D:10     | Bought a cursed +2 amulet of reflection for 67 gold pieces
  8468 | D:10     | Found Erulig's Weapon Boutique.
  8647 | D:10     | Reached *** piety under Okawaru
  8955 | D:11     | Reached **** piety under Okawaru
  8955 | D:11     | Reached skill level 13 in Maces & Flails
  9124 | D:11     | Found a frozen archway.
  9132 | IceCv    | Entered an ice cave
  9145 | IceCv    | Reached XP level 11. HP: 61/73 MP: 11/11
  9528 | IceCv    | Got a polished rapier
  9588 | IceCv    | Reached ***** piety under Okawaru
 10006 | IceCv    | Reached skill level 14 in Maces & Flails
 10017 | IceCv    | Received a gift from Okawaru
 10160 | IceCv    | Noticed a death yak
 10189 | IceCv    | Killed a death yak
 10189 | IceCv    | Received a gift from Okawaru
 10480 | IceCv    | Noticed a frost giant
 10612 | IceCv    | Killed from afar by a frost giant

Levels and vault maps discovered:
D:1:      sevenhm_arrival_forest_fort_large_4, layout_rooms
D:2:      layout_basic
D:3:      layout_rooms, overflow_temple_1_default, first_ration,
          corexii_item_surrounded_by_moat
D:4:      layout_basic, nicolae_overflow_hidden_temple,
          chequers_temple_overflow_statue_of_worship
D:5:      layout_loops_corners, kennysheep_generic_room_6
D:6:      layout_rooms, grunt_decor_arrowhead, uniq_duvessa
D:7:      layout_basic, okawaru_altar_gauntlet_db,
          minmay_temple_entry_large_hall, serial_shops, shop
D:8:      layout_cave_pools, kennysheep_little_box, uniq_maggie
D:9:      layout_rooms, lair_entry_dummy
D:10:     layout_roguey, serial_shops, shop, shop, shop, shop_statue,
          grunt_livestock
D:11:     layout_roguey, portal_ice_cave_entry_ice_beasts, special_room
          [special_room_orc]
Temple:   eino_temple_rhombus
IceCv:    ice_cave_caverns_02

Skill      XL: |  1  2  3  4  5  6  7  8  9 10 11 |
---------------+----------------------------------+-----
Maces & Flails | 3 4 5 6 7 9 11 13 14 | 14.0
Fighting       | 4 5 6 7 9 10 13 | 13.2
Armour         | |  3.2
Shields        | |  3.2

Action                   |  1- 3 |  4- 6 |  7- 9 | 10-12 || total
-------------------------+-------+-------+-------+-------++-------
Melee: Flail             |   106 |   179 |   254 |       ||   539
       Morningstar       |       |       |   150 |   459 ||   609
Throw: Dart              |       |       |    23 |     9 ||    32
Evoke: Wand              |       |       |       |     4 ||     4
  Use: Scroll            |       |    10 |    11 |     4 ||    25
       Potion            |       |       |     1 |     2 ||     3
  Eat: Chunk             |     1 |     4 |    17 |    11 ||    33
       Ration            |       |       |     1 |       ||     1
Armor: Scale mail        |    71 |    92 |    74 |       ||   237
       Ring mail         |       |       |    65 |   225 ||   290
Dodge: Dodged            |    50 |    65 |    99 |   100 ||   314
       Deflected         |       |       |    12 |     4 ||    16
Block: Kite shield       |    48 |    90 |   218 |   244 ||   600
       Reflection        |       |       |       |     5 ||     5

Table legend:
 A = Non-vault XP
 B = Vault XP
 C = Vault XP percentage of total XP
 D = Non-vault monster count
 E = Vault monster count
 F = Vault count percentage of total count
                 A         B        C        D         E       F
            +---------+---------+-------+---------+---------+-------
      Total |    6391 |   11483 |  64.2 |     190 |      67 |  26.1
            +---------+---------+-------+---------+---------+-------
        D:1 |      22 |       0 |   0.0 |      12 |       0 |   0.0
        D:2 |      59 |       0 |   0.0 |      16 |       0 |   0.0
        D:3 |     303 |       0 |   0.0 |      33 |       0 |   0.0
        D:4 |     587 |       0 |   0.0 |      18 |       0 |   0.0
        D:5 |     610 |      33 |   5.1 |      12 |       1 |   7.7
        D:6 |     718 |     224 |  23.8 |      22 |       2 |   8.3
        D:7 |     855 |      48 |   5.3 |      25 |       6 |  19.4
        D:8 |     450 |     365 |  44.8 |       8 |       1 |  11.1
        D:9 |     575 |       0 |   0.0 |      14 |       0 |   0.0
       D:10 |    1482 |    1006 |  40.4 |      22 |       5 |  18.5
       D:11 |     730 |    1040 |  58.8 |       8 |       8 |  50.0
      IceCv |       0 |    8767 | 100.0 |       0 |      44 | 100.0
            +---------+---------+-------+---------+---------+-------
